 Dungeon Crawl Stone Soup version 0.24.0-125-gc4c63601f3 (webtiles) character file.

Game seed: 10788225666974894809, levelgen mode: deterministic

154 MisterOstroum the Sneak (level 5, -3/37 HPs)
             Began as an Octopode Chaos Knight on Mar 13, 2020.
             Was a Plaything of Xom.
             Slain by a gnoll
             ... wielding a +0 whip
              (14 damage)
             ... on level 4 of the Dungeon.
             The game lasted 00:03:56 (3304 turns).

MisterOstroum the Sneak (Octopode Chaos Knight)     Turns: 3304, Time: 00:03:56

Health: -3/37      AC:  1    Str: 12    XL:     5   Next: 35%
Magic:  5/5        EV: 14    Int: 14    God:    Xom [...*..]
Gold:   231        SH:  0    Dex: 12    Spells: 4/4 levels left

rFire    . . .     SeeInvis +   a - +0 short sword (chaos)
rCold    . . .     Gourm    .   (no shield)
rNeg     . . .     Faith    .   (helmet restricted)
rPois    .         Spirit   .   (no amulet)
rElec    .         Reflect  .   s - ring of see invisible
rCorr    .         Harm     .   (no ring)
MR       .....                  (no ring)
Stlth    ++++......             (no ring)
HPRegen  0.12/turn              (no ring)
MPRegen  0.09/turn              (no ring)
                                (no ring)
                                (no ring)

@: no status effects
A: almost no armour, stealthy swim, amphibious, 8 rings, constrict 8, camouflage
1, blurry vision 1, gelatinous body 1
a: Renounce Religion


You were on level 4 of the Dungeon.
You worshipped Xom.
You were a favourite toy of Xom.
You were not hungry.

You visited 1 branch of the dungeon, and saw 4 of its levels.

You collected 231 gold pieces.

Inventory:

Hand Weapons
 a - a +0 short sword of chaos (weapon)
Missiles
 f - 124 stones (quivered)
 o - 16 poisoned darts
 q - 6 javelins
Jewellery
 s - a ring of see invisible (left tentacle)
Wands
 r - a wand of enslavement (9)
Scrolls
 c - 2 scrolls of magic mapping {unknown}
 g - 2 scrolls of identify {@r1}
 h - 4 scrolls of remove curse {unknown}
 j - 2 scrolls of amnesia {unknown}
 l - 2 scrolls of fear {unknown}
 m - a scroll of enchant weapon {unknown}
Potions
 d - a potion of curing {@q1 !q}
 i - a potion of brilliance {unknown}
 k - a potion of might {unknown}
 n - a potion of mutation {unknown}
 p - a potion of heal wounds {@q2 !q}
Comestibles
 b - 2 chunks of flesh
 e - 8 rations


   Skills:
 * Level 3.7 Fighting
 * Level 3.7 Short Blades
 + Level 3.2 Dodging
 + Level 4.2 Stealth
 * Level 0.2 Evocations


You had 4 spell levels left.
You didn't know any spells.
Your spell library was empty.

Dungeon Overview and Level Annotations

Branches:
Dungeon (4/15)             Temple (0/1) D:4

Altars:
Elyvilon
Fedhas
Kikubaaqudgha
Nemelex Xobeh
Qazlal
Ru
Sif Muna
Xom


Innate Abilities, Weirdness & Mutations

You cannot wear most types of armour.
You are very stealthy in the water. (Stealth+)
You are amphibious.
You can wear up to eight rings at the same time.
You can use your tentacles to constrict eight enemies at once.
Your skin changes colour to match your surroundings (Stealth+).
Your rubbery body absorbs attacks. (AC +1, EV +1)
Scrolls take you a little longer to read.


Message History

No target in view!
No target in view!
No target in view!
No target in view!
No target in view!
No target in view!
No target in view!
l - 2 scrolls labeled ZOTOOSO MUSIUMN (gained 1)
Found a stone staircase leading down.
h - 3 scrolls labeled IMOATA GEEKHLIURHU (gained 1)
f - 109 stones (gained 22)
f - 124 stones (gained 15)
An adder comes into view.
Okay, then.
Xom transforms those around you.
The adder reforms as a spear.
r - a wand of enslavement (9)
You see here a spear.
You now have 202 gold pieces (gained 12).
All of the chunks of flesh in your inventory have rotted away.
There is a stone staircase leading down here.
A dart slug comes into view.
Found a scroll labeled IMOATA GEEKHLIURHU.
A dart slug is nearby!
A dart slug is nearby!
The helpless dart slug fails to defend itself.
You impale the dart slug!! You freeze the dart slug.
You kill the dart slug!
No target in view!
No target in view!
No target in view!
No target in view!
No target in view!
No target in view!
No target in view!
You butcher the dart slug corpse.
b - 2 chunks of flesh
h - 4 scrolls labeled IMOATA GEEKHLIURHU (gained 1)
You now have 212 gold pieces (gained 10).
Found a staircase to the Ecumenical Temple.
You now have 215 gold pieces (gained 3).
There's nothing to open nearby.
Unknown command.
Found a scale mail.
You now have 220 gold pieces (gained 5).
s - a tubular agate ring
s - a ring of see invisible (left tentacle)
You now have 231 gold pieces (gained 11).
A ball python comes into view.
Found a leather armour, an amethyst potion and a scroll labeled IHUYRU SUNUMN.
A ball python is nearby!
Found 6 gold pieces.
Found a stone staircase leading up.
The ball python hisses angrily.
You closely miss the ball python. You grab the ball python.
You squeeze the ball python.
You kill the ball python!
No target in view!
No target in view!
No target in view!
No target in view!
No target in view!
No target in view!
No target in view!
No target in view!
A gnoll comes into view. It is wielding a +0 spear.
You see here a ball python corpse.
A gnoll is nearby!
The gnoll shouts!
You hear a shout! x2
The gnoll hits you from afar with a +0 spear.
A gnoll comes into view. It is wielding a +0 whip.
The gnoll closely misses you.
You hit the gnoll. You grab the gnoll.
You squeeze the gnoll, but do no damage.
The gnoll is lightly wounded.
You constrict the gnoll. The gnoll hits you with a +0 spear.
You hit the gnoll. You burn the gnoll.
The gnoll is moderately wounded.
You constrict the gnoll, but do no damage.
The gnoll hits you with a +0 spear.
You hit the gnoll.
The gnoll is heavily wounded.
You constrict the gnoll. You hit the gnoll. You freeze the gnoll.
The gnoll is almost dead.
You constrict the gnoll.
You kill the gnoll!
A gnoll comes into view.
The gnoll misses you.
You completely miss the gnoll. You grab the gnoll.
You constrict the gnoll, but do no damage.
You hit the gnoll but do no damage. You constrict the gnoll.
The gnoll closely misses you.
You hit the gnoll.
The gnoll goes berserk!
Xom is highly amused!
The gnoll is lightly wounded.
You constrict the gnoll. The gnoll hits you with a +0 whip!
* * * LOW HITPOINT WARNING * * *
The gnoll hits you with a +0 whip!
You die...

#...#...##### .#.# #.
..#.#.#.....###..<#...
...###.........$..#.#
#...#...#...........#
.#.....#....†.....###.#
###.>.#####...!.......
.#.....#.......#..###
#...#...#..........#
...###....##...#@..#
..#[#.#..###...#g).#
#...#............g.#
##..#..#......[..#.#
#.....#..########.#
#.#.#.#..# .#
#..##.#..# # ##. #.#...
#..#.#.?..


You could see 2 gnolls.

Vanquished Creatures
  A gnoll (D:4)
  2 adders (D:2)
  An ooze (D:1)
  8 worms
  4 dart slugs
  4 leopard geckos
  5 orcs (D:3)
  2 giant cockroaches
  13 goblins
  4 hobgoblins
  6 jackals
  6 kobolds
  3 ball pythons
  9 bats
  5 frilled lizards
  7 rats
80 creatures vanquished.

Notes
Turn   | Place    | Note
-------+----------+-------------------------------------------
     0 | D:1      | MisterOstroum the Octopode Chaos Knight began the quest for
                  | the Orb.
     0 | D:1      | Reached XP level 1. HP: 16/16 MP: 1/1
    30 | D:1      | XOM: silly message
    42 | D:1      | Reached skill level 1 in Stealth
    42 | D:1      | Reached XP level 2. HP: 14/21 MP: 2/2
   203 | D:1      | Reached skill level 2 in Stealth
   204 | D:1      | XOM: harmless Erth miscast
   381 | D:1      | XOM: divination: detect items
   383 | D:1      | Reached XP level 3. HP: 25/26 MP: 3/3
   590 | D:1      | XOM: give mutations
   590 | D:1      | Gained mutation: You are frail. (-10% HP) [Xom's mischief]
   590 | D:1      | Gained mutation: Scrolls take you a little longer to read.
                  | [Xom's mischief]
   590 | D:1      | Gained mutation: You have very sharp teeth. [Xom's
                  | mischief]
   590 | D:1      | Lost mutation: You are frail. (-10% HP) [Xom's mischief]
   665 | D:1      | Found a radiant altar of Vehumet.
   667 | D:1      | Found a white marble altar of Elyvilon.
   667 | D:1      | Found a white marble altar of Elyvilon.
   669 | D:1      | Found a shimmering altar of Xom.
   669 | D:1      | Found an ancient bone altar of Kikubaaqudgha.
   669 | D:1      | Found a glowing golden altar of the Shining One.
   827 | D:2      | XOM: mild Conj miscast
   930 | D:2      | Reached skill level 3 in Stealth
   934 | D:2      | XOM: give mutations
   934 | D:2      | Gained mutation: Scrolls take you longer to read. [Xom's
                  | mischief]
   934 | D:2      | Lost mutation: You have very sharp teeth. [Xom's mischief]
  1042 | D:2      | Reached XP level 4. HP: 31/31 MP: 4/4
  1554 | D:2      | Found a sacrificial altar of Ru.
  1886 | D:3      | XOM: harmless Summ miscast
  1965 | D:3      | Found a blossoming altar of Fedhas.
  1974 | D:3      | XOM: confusion
  2146 | D:3      | Found a shimmering blue altar of Sif Muna.
  2299 | D:3      | Reached skill level 4 in Stealth
  2304 | D:3      | Reached XP level 5. HP: 34/36 MP: 5/5
  2394 | D:3      | Found a stormy altar of Qazlal.
  2479 | D:3      | XOM: harmless Summ miscast
  2491 | D:3      | XOM: smoke on damage
  2580 | D:3      | XOM: give mutation
  2580 | D:3      | Lost mutation: Scrolls take you longer to read. [Xom's
                  | mischief]
  2703 | D:3      | XOM: cloud trail
  2782 | D:3      | XOM: smoke on damage
  2947 | D:3      | Found a sparkling altar of Nemelex Xobeh.
  3155 | D:4      | XOM: snakes to sticks
  3260 | D:4      | Found a staircase to the Ecumenical Temple.
  3304 | D:4      | Slain by a gnoll

Levels and vault maps discovered:
D:1:      lightli_arrival_maybe_door_vault, layout_rooms, doesnt_xom_only_xom
D:2:      layout_basic, marbit_many_paths
D:3:      layout_loops_corners, lemuel_round_altar,
          nicolae_overflow_hidden_temple, lemuel_blue_sif_altar, fedhas_altar_2
D:4:      layout_basic, grunt_temple_overflow_open, minmay_temple_entry_arrows,
          first_ration, gammafunk_ghost_cemetery, uniq_crazy_yiuf_cottage

Skill      XL: |  1  2  3  4 |
---------------+-------------+-----
Stealth        | 1 2 3 4 |  4.2
Dodging        | 3 |  3.2
Fighting       | |  3.7
Short Blades   | |  3.7
Evocations     | |  0.2

Action                   |  1- 3 |  4- 6 || total
-------------------------+-------+-------++-------
Melee: Short sword       |    68 |    97 ||   165
       Constrict         |    16 |    22 ||    38
       Tentacles         |     5 |    24 ||    29
  Use: Scroll            |     1 |     2 ||     3
 Stab: Sleeping          |     4 |    13 ||    17
       Distracted        |     1 |       ||     1
  Eat: Chunk             |       |     7 ||     7
Armor: Skin              |     4 |     6 ||    10
Dodge: Dodged            |    42 |    50 ||    92
